 Dungeon Crawl Stone Soup version 0.27.1-34-g3ba077fa99 (webtiles) character file.

Game seed: 8168013683454593937

14 comborobin the Sneak (level 2, 0/26 HPs)
             Began as a Hill Orc Delver on Jan 6, 2022.
             Slain by an ufetubus (4 damage)
             ... on level 4 of the Dungeon.
             The game lasted 00:00:16 (166 turns).

comborobin the Sneak (Hill Orc Delver)               Turns: 166, Time: 00:00:16

Health: 0/26       AC:  3    Str: 14    XL:     2   Next: 45%
Magic:  2/2        EV: 11    Int: 10    God:
Gold:   0          SH:  0    Dex: 12    Spells: 1/1 levels left

rFire    . . .     SeeInvis .   a - +0 hand axe
rCold    . . .     Faith    .   (no shield)
rNeg     . . .     Spirit   .   b - +0 leather armour
rPois    .         Reflect  .   (no helmet)
rElec    .         Harm     .   (no cloak)
rCorr    .         Rampage  .   (no gloves)
Will     .....                  (no boots)
Stlth    ++........             (no amulet)
HPRegen  0.08/turn              (no ring)
MPRegen  0.08/turn              (no ring)

@: no status effects
A: no striking features
a: no special abilities


You were on level 4 of the Dungeon.
You visited 1 branch of the dungeon, and saw 2 of its levels.

Inventory:

Hand Weapons
 a - a +0 hand axe (weapon)
 f - a +0 dagger
Armour
 b - a +0 leather armour (worn)
Wands
 g - a wand of digging (3)
Scrolls
 c - a scroll of fog
 d - a scroll of magic mapping
 e - a scroll of fear
 h - a scroll of identify {unknown}


   Skills:
 - Level 3.6 Fighting
 + Level 4.1 Axes
 - Level 1.5 Dodging
 - Level 4.1 Stealth


You had one spell level left.
You didn't know any spells.
Your spell library was empty.

Dungeon Overview and Level Annotations

Branches:
Dungeon (5/15)
 Temple: D:4-7

Altars:

Annotations:
D:5 Dowan, Duvessa


Message History

An ufetubus comes into view.
The ufetubus shouts!
You hit the hound skeleton.
The hound skeleton is almost destroyed.
The hound skeleton bites you but does no damage.
The hound skeleton barely misses you.
You hit the hound skeleton.
You destroy the hound skeleton!
Your Axes skill increases to level 4!
You have reached level 2!
The ufetubus hits you. The ufetubus closely misses you.
Unknown command.
You barely miss the ufetubus. The ufetubus hits you.
The ufetubus barely misses you.
Unknown command.
You miss the ufetubus. The ufetubus hits you.
The ufetubus hits you but does no damage. x2
The ufetubus hits you.
You are too injured to fight recklessly!
Unknown command.
You are too injured to fight recklessly!
You are too injured to fight recklessly!
Unknown command.
You are too injured to fight recklessly!
Unknown command.
You are too injured to fight recklessly!
You are too injured to fight recklessly!
You hit the ufetubus.
The ufetubus is lightly wounded.
The ufetubus closely misses you. x2; The ufetubus hits you.
The ufetubus closely misses you.
You hit the ufetubus.
The ufetubus is severely wounded.
The ufetubus hits you. The ufetubus barely misses you.
You miss the ufetubus.
The ufetubus is severely wounded.
The ufetubus barely misses you. The ufetubus hits you.
* * * LOW HITPOINT WARNING * * *
The ufetubus hits you.
You die...

#.....+ .. +.....#
... #.....# ....
#####.....####....
#...............#
#..............#
#..............#..
#.........@5....#
#...>.............
........###+#####..#.
###.....# ...
#.......# . #.......#
#.......# ###....##
.....


You could see an ufetubus.

Vanquished Creatures
  A hound skeleton (D:4)
  An orc (D:4)
2 creatures vanquished.

Notes
Turn   | Place    | Note
-------+----------+-------------------------------------------
     0 | D:5      | comborobin the Hill Orc Delver began the quest for the Orb.
     0 | D:5      | Reached XP level 1. HP: 19/19 MP: 1/1
    55 | D:5      | Noticed Duvessa
    55 | D:5      | Noticed Dowan
    63 | D:5      | Noticed an ice beast
   161 | D:4      | Reached XP level 2. HP: 18/26 MP: 2/2
   166 | D:4      | Slain by an ufetubus

Illustrated notes

Levels and vault maps discovered:
D:4:      layout_gridville, minmay_curled_crystal, grunt_ministairs_15
D:5:      layout_loops_ring, serial_shops, nicolae_shop_stone, uniq_duvessa,
          uniq_sigmund

Skill      XL: |  1 |
---------------+----+-----
Axes           | 4 |  4.1
Fighting       | |  3.6
Dodging        | |  1.5
Stealth        | |  4.1

Action                   || total
-------------------------++-------
Melee: Hand axe          ||    19
  Use: Potion            ||     1
 Stab: Sleeping          ||     1
Armor: Leather armour    ||     9
Dodge: Dodged            ||    13
